 Dungeon Crawl Stone Soup version 0.25-a0-479-g8579842fd4 (webtiles) character file.

Game seed: 14621299029130157418, levelgen mode: deterministic

81 Kohma the Stinger (level 4, -4/33 HPs)
             Began as a Draconian Venom Mage on Feb 9, 2020.
             Slain by a bullfrog (6 damage)
             ... on level 3 of the Dungeon.
             The game lasted 00:05:13 (2610 turns).

Kohma the Stinger (Draconian Venom Mage)            Turns: 2610, Time: 00:05:14

Health: -4/33      AC:  5    Str: 10    XL:     4   Next: 19%
Magic:  4/7        EV: 12    Int: 16    God:
Gold:   137        SH:  0    Dex: 12    Spells: 2/8 levels left

rFire    . . .     SeeInvis .   a - -1 spear (curse)
rCold    . . .     Gourm    .   (no shield)
rNeg     . . .     Faith    .   (armour unavailable)
rPois    .         Spirit   .   (helmet restricted)
rElec    .         Reflect  .   (no cloak)
rCorr    .         Harm     .   (no gloves)
MR       .....                  (no boots)
Stlth    ++........             (no amulet)
HPRegen  0.11/turn              (no ring)
MPRegen  0.10/turn              (no ring)

@: no status effects
A: unfitting armour, cold-blooded, AC +5
a: no special abilities


You were on level 3 of the Dungeon.
You were very hungry.

You visited 1 branch of the dungeon, and saw 3 of its levels.

You collected 137 gold pieces.

Inventory:

Hand Weapons
 a - a cursed -1 spear (weapon)
 e - a +0 short sword of venom
 g - a +2 short sword of draining
Missiles
 i - 10 poisoned darts (quivered)
Scrolls
 c - a scroll of enchant weapon {unknown}
 d - 3 scrolls of teleportation {unknown}
 h - a scroll of blinking {unknown}
 j - a scroll of identify {unknown}
Potions
 f - a potion of ambrosia {unknown}
Comestibles
 b - 5 rations


   Skills:
 - Level 1.7 Dodging
 - Level 1.7 Stealth
 + Level 2.6 Spellcasting
 - Level 1.0 Transmutations
 * Level 1.9 Air Magic
 * Level 4.1 Poison Magic


You had 2 spell levels left.
You knew the following spells:

 Your Spells              Type           Power        Failure   Level  Hunger
a - Sting                 Tmut/Pois      ##..         7%          1    #......
b - Poisonous Vapours     Pois/Air       ##....       9%          2    ##.....
c - Mephitic Cloud        Conj/Pois/Air  #.......     26%         3    ###....

Your spell library contained the following spells:

 Spells                   Type           Power        Failure   Level  Hunger
 Ignite Poison            Fire/Tmut/Pois #.......     28%         3    ###....
 Olgreb's Toxic Radiance  Pois           ###.....     34%         4    #####..


Dungeon Overview and Level Annotations

Branches:
Dungeon (3/15)

Altars:
Wu Jian


Innate Abilities, Weirdness & Mutations

Your plain brown scales are hard. (AC +5)
You cannot fit into any form of body armour.
You are cold-blooded and may be slowed by cold attacks.


Message History

The bullfrog is moderately wounded.
The bullfrog barely misses you. The bullfrog hits you!
You closely miss the bullfrog.
The bullfrog is moderately wounded.
The bullfrog hits you.
* * * LOW HITPOINT WARNING * * *
The bullfrog closely misses you.
Casting: Poisonous Vapours (safe; 9% risk of failure)
Confirm with . or Enter, or press ? or * to list all spells.
Aiming: Sting (safe; 7% risk of failure)
Press: ? - help, Shift-Dir - straight line, f/p - bullfrog
Aim: a bullfrog (moderately wounded, poisoned)
The sting hits the bullfrog.
The bullfrog looks even sicker.
The bullfrog is heavily wounded.
The bullfrog hits you.
* * * LOW HITPOINT WARNING * * *
You barely miss the bullfrog.
The bullfrog is heavily wounded.
The bullfrog hits you.
You die...

.#..###########
.......@F......
.#.####........
#########


You could see a bullfrog.

Vanquished Creatures
  Jessica (D:2)
  An adder (D:2)
  3 worms (D:2)
  2 giant cockroaches (D:1)
  4 hobgoblins
  4 jackals (D:2)
  8 kobolds
  2 ball pythons (D:2)
  7 bats
  4 goblins
  2 rats (D:1)
38 creatures vanquished.

Notes
Turn   | Place    | Note
-------+----------+-------------------------------------------
     0 | D:1      | Kohma the Draconian Venom Mage began the quest for the Orb.
     0 | D:1      | Reached XP level 1. HP: 14/14 MP: 3/3
   360 | D:1      | Reached XP level 2. HP: 20/20 MP: 3/5
   367 | D:1      | Learned a level 2 spell: Poisonous Vapours
  1193 | D:2      | Noticed Jessica
  1196 | D:2      | Killed Jessica
  1196 | D:2      | Reached skill level 1 in Air Magic
  1196 | D:2      | Reached XP level 3. HP: 20/26 MP: 0/6
  1600 | D:2      | Found an ornate altar of the Wu Jian Council.
  1760 | D:2      | Reached skill level 4 in Poison Magic
  1797 | D:2      | Reached XP level 4. HP: 24/33 MP: 1/7
  1909 | D:2      | Learned a level 3 spell: Mephitic Cloud
  2603 | D:3      | Noticed a bullfrog
  2610 | D:3      | Slain by a bullfrog

Levels and vault maps discovered:
D:1:      lemuel_arrival_rhombus, layout_basic, chequers_mini_garden,
          minmay_misc_feat_ornament, chequers_big_river
D:2:      layout_basic, old_standard_altar, uniq_jessica
D:3:      layout_rooms, lemuel_doored_altar, old_standard_altar, minivault_5

Skill      XL: |  1  2  3 |
---------------+----------+-----
Air Magic      | 1 |  1.9
Poison Magic   | 4 |  4.1
Dodging        | |  1.7
Stealth        | |  1.7
Spellcasting   | |  2.6
Transmutations | |  1.0

Action                   |  1- 3 |  4- 6 || total
-------------------------+-------+-------++-------
Melee: Spear             |    35 |    16 ||    51
       Tailslap          |     2 |     1 ||     3
 Cast: Sting             |    12 |     5 ||    17
       Poisonous Vapours |    21 |     8 ||    29
  Eat: Chunk             |     3 |     3 ||     6
Armor: Skin              |     6 |     1 ||     7
Dodge: Dodged            |    33 |     7 ||    40

Table legend:
 A = Non-vault XP
 B = Vault XP
 C = Vault XP percentage of total XP
 D = Non-vault monster count
 E = Vault monster count
 F = Vault count percentage of total count
                 A         B        C        D         E       F
            +---------+---------+-------+---------+---------+-------
      Total |      79 |      37 |  31.9 |      37 |       1 |   2.6
            +---------+---------+-------+---------+---------+-------
        D:1 |      27 |       0 |   0.0 |      17 |       0 |   0.0
        D:2 |      52 |      37 |  41.6 |      20 |       1 |   4.8
            +---------+---------+-------+---------+---------+-------
